 Dungeon Crawl Stone Soup version 0.28-a0-1629-gf728b707aa (webtiles) character file.

Game seed: 1667945746537883839

2043 HallandMoats the Warrior (level 9, -4/74 HPs)
             Began as a Ghoul Fighter on Jan 25, 2022.
             Was a Believer of Okawaru.
             Slain by a steam dragon (6 damage)
             ... on level 6 of the Dungeon.
             The game lasted 00:09:41 (6634 turns).

HallandMoats the Warrior (Ghoul Fighter)            Turns: 6634, Time: 00:09:41

Health: -4/74      AC: 14    Str: 20    XL:     9   Next: 24%
Magic:  12/12      EV:  6    Int:  5    God:    Okawaru [**....]
Gold:   367        SH:  4    Dex: 10    Spells: 8/8 levels left

rFire   + . .      SeeInvis .   b - +0 dagger (venom)
rCold   + + +      Faith    .   c - +0 buckler
rNeg    + + +      Spirit   .   h - +0 plate armour
rPois   ∞          Reflect  .   (no helmet)
rElec   +          Harm     .   (no cloak)
rCorr   +          Rampage  .   p - +0 pair of gloves
Will    .....                   j - +0 pair of boots
Stlth   ..........              (no amulet)
HPRegen 0.00/turn               k - ring of protection from cold
MPRegen 0.13/turn               (no ring)

@: resistant, inhibited regen
A: claws 1, cold resistance 1, negative energy resistance 3, inhibited
regeneration, torment resistance 2
a: Renounce Religion, Heroism


You were on level 6 of the Dungeon.
You worshipped Okawaru.
Okawaru was pleased with you.
You visited 1 branch of the dungeon, and saw 6 of its levels.

You collected 367 gold pieces.

Inventory:

Hand Weapons
 a - a +0 war axe
 b - a +0 dagger of venom (weapon)
Missiles
 w - 2 throwing nets (quivered)
Armour
 c - a +0 buckler (worn)
 h - a +0 plate armour (worn)
 j - a +0 pair of boots (worn)
 p - a +0 pair of gloves (worn)
Jewellery
 k - a ring of protection from cold (left hand)
 t - an amulet of guardian spirit
Wands
 q - a wand of iceblast (27)
 s - a wand of mindburst (10)
Scrolls
 e - a scroll of amnesia
 g - 3 scrolls of fog
 m - a scroll of enchant weapon {unknown}
 u - a scroll of brand weapon {unknown}
 x - a scroll of magic mapping {unknown}
Potions
 d - 3 potions of might
 i - a potion of heal wounds {unknown}
 l - a potion of attraction {unknown}
 n - 2 potions of haste
 o - a potion of curing {unknown}
 r - 2 potions of brilliance
 v - a potion of flight {unknown}


   Skills:
 + Level 5.6 Fighting
 * Level 5.6 Axes
 + Level 4.6 Armour
 + Level 3.6 Dodging
 + Level 4.5 Shields
 * Level 6.4 Invocations


You had 8 spell levels left.
You didn't know any spells.
Your spell library contained the following spells:

 Spells                   Type           Power      Damage    Failure   Level
 Corpse Rot               Necr/Air       0%         N/A       100%        2
 Airstrike                Air            0%         N/A       100%        4
 Dispel Undead            Necr           0%         3d6       100%        4
 Lightning Bolt           Conj/Air       0%         1d11      100%        5
 Summon Lightning Spire   Summ/Air       Unusable   N/A       N/A         4
 Death Channel            Necr           Unusable   N/A       N/A         6

Dungeon Overview and Level Annotations

Branches:
Dungeon (6/15)             Temple (0/1) D:5

Altars:
Cheibriados
Dithmenos
Kikubaaqudgha
Makhleb
Nemelex Xobeh
Okawaru
Wu Jian
Yredelemnul
Zin

Shops:
D:1 *   D:6 !


Innate Abilities, Weirdness & Mutations

You thrive by killing the living.
You are immune to poison.
You have sharp fingernails.
Your flesh is cold resistant. (rC+)
You are immune to negative energy. (rN+++)
You do not regenerate when monsters are visible.
You are immune to unholy pain and torment.


Message History

You are too injured to fight recklessly!
You are too injured to fight recklessly!
You are too injured to fight recklessly!
You are too injured to fight recklessly!
You are too injured to fight recklessly!
You are too injured to fight recklessly!
You are too injured to fight recklessly!
You are too injured to fight recklessly!
You are too injured to fight recklessly!
You are too injured to fight recklessly!
You are too injured to fight recklessly!
You are too injured to fight recklessly!
You are too injured to fight recklessly!
You are too injured to fight recklessly!
You are too injured to fight recklessly!
You are too injured to fight recklessly!
You are too injured to fight recklessly!
You hit the steam dragon.
The steam dragon is lightly wounded.
You are engulfed in a cloud of scalding steam.
The steam dragon bites you! You block the steam dragon's attack.
You closely miss the steam dragon.
The steam dragon is lightly wounded.
You are engulfed in a cloud of scalding steam.
* * * LOW HITPOINT WARNING * * *
The steam dragon barely misses you. x2
The steam dragon breathes steam at you. The ball of steam hits you!
* * * LOW HITPOINT WARNING * * *
You are engulfed in a cloud of scalding steam.
You feel protected. The steam dragon breathes steam at you.
The ball of steam hits you but does no damage.
A sky beast comes into view.
The sky beast closely misses you. The wyvern skeleton bites you.
* * * LOW HITPOINT WARNING * * *
The steam dragon looks more healthy.
The sky beast hits you but does no damage.
The steam dragon bites you.
You die...

############
#..........#####
#.########.§...#
#.# ###.###D#####
#.# #......Y@...#
##.# #.####Z####.#
##.#####.. .....
.......(..#.......#
##.######.#.......#
#### ....._.../.
#.#.......#..
#.#.......#.. ###


You could see a steam dragon, a sky beast and a wyvern skeleton.

Vanquished Creatures
  A troll (D:5)
  Eustachio (D:6)
  A black bear (D:4)
  An orc warrior (D:5)
  2 ogres
  2 sky beasts
  A necrophage (D:5)
  A centaur (D:5)
  A phantom (D:5)
  A bullfrog (D:4)
  A kobold brigand (D:6)
  A gnoll sergeant (D:6)
  A scorpion (D:5)
  A water moccasin zombie (D:5)
  A hound (D:6)
  A bullfrog skeleton (D:5)
  A gnoll shaman (D:4)
  A centaur skeleton (D:6)
  Ijyb (D:5)
  3 iguanas
  3 orc wizards (D:3)
  Terence (D:2)
  A hound skeleton (D:5)
  9 gnolls
  11 adders
  An ufetubus (D:5)
  5 dart slugs
  8 orcs
  6 bats
  10 endoplasms
  2 giant cockroaches (D:3)
  5 goblins
  5 hobgoblins
  3 quokkas
  2 ball pythons (D:2)
  3 frilled lizards
  13 kobolds
  4 rats
116 creatures vanquished.

Notes
Turn   | Place    | Note
-------+----------+-------------------------------------------
     0 | D:1      | HallandMoats the Ghoul Fighter began the quest for the Orb.
     0 | D:1      | Reached XP level 1. HP: 19/19 MP: 0/0
   158 | D:1      | Reached XP level 2. HP: 26/26 MP: 1/1
   192 | D:1      | Found Acapriss's General Store.
   602 | D:2      | Reached skill level 1 in Invocations
   630 | D:2      | Reached XP level 3. HP: 23/31 MP: 1/3
   735 | D:2      | Noticed Terence
   743 | D:2      | Killed Terence
   744 | D:2      | Reached XP level 4. HP: 32/39 MP: 4/4
   750 | D:2      | Reached skill level 1 in Dodging
   927 | D:2      | Reached skill level 2 in Invocations
  1596 | D:3      | Reached XP level 5. HP: 46/46 MP: 5/5
  2066 | D:3      | Reached XP level 6. HP: 44/52 MP: 7/7
  2145 | D:3      | Found a sparkling altar of Nemelex Xobeh.
  2145 | D:3      | Found an iron altar of Okawaru.
  2151 | D:3      | Found a faded altar of an unknown god.
  2153 | D:3      | Found a basalt altar of Yredelemnul.
  2155 | D:3      | Found a faded altar of an unknown god.
  2300 | D:3      | Became a worshipper of Warmaster Okawaru
  2354 | D:4      | Noticed a black bear
  2365 | D:4      | Killed a black bear
  2366 | D:4      | Reached skill level 3 in Invocations
  3057 | D:5      | Entered Level 5 of the Dungeon
  3059 | D:5      | Found a staircase to the Ecumenical Temple.
  3111 | D:4      | Reached XP level 7. HP: 21/60 MP: 8/8
  3352 | D:4      | Reached skill level 4 in Invocations
  3497 | D:5      | Reached * piety under Okawaru
  3974 | D:5      | Reached XP level 8. HP: 48/67 MP: 10/10
  4089 | D:5      | Noticed Ijyb
  4113 | D:5      | Killed Ijyb
  4540 | D:5      | Found a snail-covered altar of Cheibriados.
  4670 | D:5      | Found an ornate altar of the Wu Jian Council.
  4885 | D:5      | Reached ** piety under Okawaru
  4886 | D:5      | Reached skill level 5 in Invocations
  4989 | D:5      | Reached skill level 5 in Fighting
  5320 | D:5      | Noticed a troll
  5340 | D:5      | Killed a troll
  5341 | D:5      | Reached skill level 5 in Axes
  5610 | D:5      | You fall into a shaft and drop 1 floor!
  5615 | D:6      | Found a burning altar of Makhleb.
  5662 | D:6      | Reached skill level 6 in Invocations
  5662 | D:6      | Reached XP level 9. HP: 36/74 MP: 12/12
  5694 | D:6      | Noticed Eustachio
  6161 | D:6      | Found Midgh's Distillery.
  6191 | D:6      | Found a shadowy altar of Dithmenos.
  6362 | D:6      | Killed Eustachio
  6616 | D:6      | Found an ancient bone altar of Kikubaaqudgha.
  6632 | D:6      | HP: 2/74 [wyvern skeleton (4)]
  6634 | D:6      | Slain by a steam dragon

Illustrated notes

Levels and vault maps discovered:
D:1:      tarquinn_simple_flora_water_d, layout_rooms, serial_shops,
          nicolae_shop_competitors_out_of_business
D:2:      layout_rooms, uniq_terence
D:3:      layout_rooms, chequers_temple_overflow_minitemple, minivault_26,
          minmay_fractal_squares_5
D:4:      layout_basic, overflow_temple_1_default,
          chequers_serial_rivers_small_b
D:5:      layout_loops_ring, lemuel_crystal_altar, cheibriados_altar_1,
          minmay_temple_entry_glass, kennysheep_generic_room_16, uniq_ijyb
D:6:      layout_loops_ring, old_standard_altar,
          mainiacjoe_overflow_concentric_impassable,
          nicolae_overflow_crystal_walls, ebering_ghost_reflecting_pool,
          serial_shops, nicolae_stop_n_shop_1, uniq_eustachio

Skill      XL: |  1  2  3  4  5  6  7  8 |
---------------+-------------------------+-----
Axes           | 2 3 4 5 |  5.6
Invocations    | 1 2 3 4 6 |  6.4
Dodging        | 1 2 3 |  3.6
Shields        | 3 4 |  4.5
Armour         | 3 4 |  4.6
Fighting       | 4 5 |  5.6

Action                   |  1- 3 |  4- 6 |  7- 9 || total
-------------------------+-------+-------+-------++-------
Melee: War axe           |    51 |   111 |     5 ||   167
       Dagger            |       |   106 |   319 ||   425
Invok: Heroism           |       |       |     2 ||     2
Evoke: Wand              |       |       |     2 ||     2
  Use: Scroll            |       |       |     4 ||     4
       Potion            |       |       |     1 ||     1
Armor: Scale mail        |     4 |       |       ||     4
       Plate armour      |    34 |   202 |   281 ||   517
Dodge: Dodged            |    16 |    61 |   139 ||   216
Block: Buckler           |    10 |    47 |    89 ||   146

Table legend: (Time is in decaauts)
 A = Elapsed time spent in this place.
 B = Non-inter-level travel time spent in this place.
 C = Inter-level travel time spent in this place.
 D = Time resting spent in this place.
 E = Time spent auto-exploring this place.
 F = Levels seen in this place.
 G = Mean time per level.
                   A        B        C        D        E       F      G
               +--------+--------+--------+--------+--------+-----+--------+
         Total |   6726 |   6510 |    216 |   1146 |   3903 |   6 | 1121.0 |
       Dungeon |   6726 |   6510 |    216 |   1146 |   3903 |   6 | 1121.0 |
               +--------+--------+--------+--------+--------+-----+--------+

Top non-repeatable levels by time:
     D:5: 2113 daAuts
     D:4: 1640 daAuts
     D:3: 1147 daAuts
     D:2: 660 daAuts
     D:1: 599 daAuts
     D:6: 565 daAuts
